 Dungeon Crawl Stone Soup version 0.23.2 (webtiles) character file.

Game seed: 4858023790270392257

2424 PikkenKukken the Ruffian (level 9, 0/87 HPs)
             Began as a Troll Earth Elementalist on Apr 4, 2019.
             Was a Believer of Okawaru.
             Slain by an orc warrior
             ... wielding a +0 flail
              (8 damage)
             ... on level 6 of the Dungeon.
             The game lasted 00:14:18 (4952 turns).

PikkenKukken the Ruffian (Troll Earth Elementalist) Turns: 4952, Time: 00:14:18

Health: 0/87       AC:  7    Str: 18    XL:     9   Next: 24%
Magic:  10/10      EV: 14    Int: 14    God:    Okawaru [**....]
Gold:   333        SH:  0    Dex: 10    Spells: 9/10 levels left

rFire    . . .     SeeInvis .     - Unarmed
rCold    . . .     Gourm    +   (no shield)
rNeg     + + .     Faith    .   c - +1 robe
rPois    .         Spirit   .   (helmet restricted)
rElec    .         Reflect  .   (no cloak)
rCorr    .         Harm     .   (gloves unavailable)
MR       .....                  (boots unavailable)
Stlth    +.........             (no amulet)
HPRegen  0.64/turn              p - ring of positive energy
MPRegen  0.12/turn              u - ring of positive energy

@: confused, about to teleport, heroism
A: large, unfitting armour, claws 3, fast metabolism 3, gourmand, regeneration
1, shaggy fur 1, tough skin 3
a: Heroism, Renounce Religion


You were on level 6 of the Dungeon.
You worshipped Okawaru.
Okawaru was pleased with you.
You were completely stuffed.

You visited 1 branch of the dungeon, and saw 6 of its levels.

You collected 333 gold pieces.

Inventory:

Missiles
 b - 188 stones (quivered)
Armour
 c - a +1 robe (worn)
Jewellery
 i - an uncursed ring of protection from cold
 p - a ring of positive energy (left claw)
 u - a ring of positive energy (right claw)
Wands
 t - a wand of flame (19)
 z - a wand of digging (8)
Scrolls
 g - 3 scrolls of magic mapping
 j - a scroll of teleportation
 l - 4 scrolls of remove curse
 q - 3 scrolls of enchant armour
 s - a scroll of identify
 x - a scroll of fog
 y - a scroll of amnesia {unknown}
 B - a scroll of immolation {unknown}
Potions
 e - a potion of cancellation
 f - 4 potions of agility
 h - a potion of resistance {unknown}
 k - a potion of mutation {unknown}
 m - a potion of magic {unknown}
 n - a potion of curing {unknown}
 o - 2 potions of lignification
 r - a potion of berserk rage {unknown}
 v - a potion of degeneration {unknown}
 A - a potion of brilliance {unknown}
Comestibles
 a - 14 chunks of flesh
 d - 11 rations


   Skills:
 + Level 4.9(9.9) Fighting
 - Level 5.0(10.0) Throwing
 + Level 5.2(10.2) Dodging
 - Level 1.0(6.0) Stealth
 + Level 5.9(10.9) Unarmed Combat
 - Level 1.2 Spellcasting
   Level 0.6 Transmutations
 - Level 2.6 Earth Magic
 - Level 3.0 Invocations


You had 9 spell levels left.
You knew the following spells:

 Your Spells              Type           Power        Failure   Level  Hunger
a - Sandblast             Erth           #.....       9%          1    ##.....

Your spell library contained the following spells:

 Spells                   Type           Power        Failure   Level  Hunger
 Passwall                 Tmut/Erth      #.......     21%         2    ###....
 Stone Arrow              Conj/Erth      #.....       41%         3    ####...
 Petrify                  Tmut/Erth      #.......     78%         4    #####..
 Lee's Rapid Deconstruct  Erth           #.........   93%         5    ######.


Dungeon Overview and Level Annotations

Branches:
Dungeon (6/15)
 Temple: D:4-7

Altars:
Cheibriados
Okawaru


Innate Abilities, Weirdness & Mutations

You are too large for most types of armour.
You have claws for hands.
Your metabolism is lightning-fast.
You like to eat raw meat.
Your natural rate of healing is unusually fast.
You are covered in fur. (AC +1)
You have extremely tough skin. (AC +3)


Message History

The orc warrior hits you with a +0 flail!
You scratch the orc warrior.
The orc warrior is heavily wounded.
The orc warrior hits you with a +0 flail!
* * * LOW HITPOINT WARNING * * *
You barely miss the orc warrior.
The orc warrior is heavily wounded.
The orc wizard points at you and mumbles some strange words.
The magic dart hits you!
* * * LOW HITPOINT WARNING * * *
As you read the scroll of teleportation, it crumbles to dust.
You feel strangely unstable.
The orc wizard casts a spell.
The orc wizard blinks!
The orc warrior hits you with a +0 flail!
* * * LOW HITPOINT WARNING * * *
You are confused.
You feel invigorated. The giant cockroach misses you.
The orc warrior hits you with a +0 flail!
You die...

.#.(.##...##..##.))........
.....z....##..###..........
.............####..........
.............##.........§@..........
..z............os.......... ...
..........o...........
....[.........###.###.
..........)...# .♣ ..............#♣♣
♣ .........##.......
..........[...#♣♣. ......†.......#


You could see an orc warrior, an orc wizard, an orc and a giant cockroach.

Vanquished Creatures
  Sigmund (D:2)
  An orc warrior (D:6)
  A black bear (D:6)
  A sky beast (D:4)
  4 ogres
  A centaur (D:5)
  2 bullfrogs (D:6)
  A scorpion (D:3)
  4 howler monkeys
  7 wights
  2 crimson imps
  2 hounds
  2 orc priests (D:5)
  7 orc wizards
  A centaur skeleton (D:6)
  Ijyb (D:3)
  Terence (D:3)
  Natasha (twice) (D:3)
  3 iguanas
  3 worker ants
  2 hound skeletons
  Robin (D:3)
  3 gnolls (D:1)
  9 adders
  A shadow imp (D:3)
  An ooze (D:5)
  An adder skeleton (D:5)
  4 worms
  2 dart slugs
  2 leopard geckos
  32 orcs
  A giant cockroach (D:1)
  13 goblins
  12 hobgoblins
  10 jackals
  3 quokkas
  A ball python (D:3)
  6 bats
  7 frilled lizards
  A giant cockroach zombie (D:5)
  5 kobolds (D:1)
  7 rats
171 creatures vanquished.

Notes
Turn   | Place    | Note
-------+----------+-------------------------------------------
     0 | D:1      | PikkenKukken the Troll Earth Elementalist began the quest
                  | for the Orb.
     0 | D:1      | Reached XP level 1. HP: 16/16 MP: 1/1
   170 | D:1      | Reached XP level 2. HP: 25/26 MP: 2/2
   407 | D:1      | Reached skill level 1 in Unarmed Combat
   504 | D:1      | Reached skill level 1 in Throwing
   655 | D:1      | Reached XP level 3. HP: 32/32 MP: 3/3
   782 | D:2      | Reached skill level 1 in Fighting
   891 | D:1      | Reached XP level 4. HP: 13/41 MP: 4/4
  1228 | D:2      | Noticed Sigmund
  1235 | D:2      | Killed Sigmund
  1235 | D:2      | Reached XP level 5. HP: 49/49 MP: 5/5
  1590 | D:3      | Reached XP level 6. HP: 55/57 MP: 6/6
  1708 | D:3      | Noticed Natasha
  1711 | D:3      | Killed Natasha
  1894 | D:3      | Noticed Robin
  1922 | D:3      | Killed Robin
  2032 | D:3      | Noticed Natasha
  2038 | D:3      | Killed Natasha
  2068 | D:3      | Noticed Terence
  2093 | D:3      | Killed Terence
  2291 | D:3      | Noticed Ijyb
  2309 | D:3      | Killed Ijyb
  2334 | D:3      | Reached XP level 7. HP: 64/66 MP: 7/7
  3379 | D:5      | Entered Level 5 of the Dungeon
  3449 | D:5      | Found an iron altar of Okawaru.
  3464 | D:5      | Became a worshipper of Warmaster Okawaru
  3697 | D:5      | Reached skill level 1 in Invocations
  3716 | D:5      | Reached XP level 8. HP: 30/75 MP: 8/8
  4044 | D:5      | Found a snail-covered altar of Cheibriados.
  4431 | D:5      | Reached * piety under Okawaru
  4515 | D:6      | Reached skill level 5 in Unarmed Combat
  4797 | D:5      | Reached XP level 9. HP: 84/85 MP: 7/10
  4800 | D:5      | Reached skill level 5 in Throwing
  4820 | D:6      | Reached skill level 5 in Dodging
  4928 | D:6      | Reached ** piety under Okawaru
  4951 | D:6      | HP: 3/87 [orc warrior/+0 flail (14)]
  4952 | D:6      | Slain by an orc warrior

Skill      XL: |  1  2  3  4  5  6  7  8  9 |
---------------+----------------------------+-----
Unarmed Combat | 1 2 3 4 5 |  5.9
Throwing       | 1 2 3 4 5 |  5.0
Dodging        | 2 3 4 5 |  5.2
Fighting       | 1 2 3 4 |  4.9
Invocations    | 1 3 |  3.0
Stealth        | |  1.0
Spellcasting   | |  1.2
Transmutations | |  0.6
Earth Magic    | |  2.6

Action                   |  1- 3 |  4- 6 |  7- 9 || total
-------------------------+-------+-------+-------++-------
Melee: Unarmed           |   100 |   148 |   325 ||   573
       Punch             |       |     1 |     8 ||     9
 Cast: Sandblast         |     3 |    16 |     5 ||    24
Invok: Heroism           |       |       |     6 ||     6
  Use: Scroll            |       |     7 |     5 ||    12
       Potion            |       |     1 |     2 ||     3
 Stab: Sleeping          |     4 |     2 |     2 ||     8
  Eat: Chunk             |    14 |    14 |    24 ||    52
Armor: Robe              |    30 |    46 |    98 ||   174
Dodge: Dodged            |    42 |    62 |   157 ||   261
